vexana, chaotic female human Rogue --------------- ----- --------- -------- |..............############# |).<-####|....#..| |[?(*.(| |.............| |...| #-.......-# |+?/.*.| |.............| |...| |.......|# |..!/)/| |..{>.........| --.-- ---+-----# |?..*[)| -------|------- ## # |...(..| # # # -|------ # ### `# # # ### # # # ### # ---------- ########### # # ## |........| -|------------- # #### ---|---- ##.........| |.............| # ---|-------- |......| # |........| #f......`......| ##...........| |.......##### |.........##'@#|{............| |..........| |......| ---------- |..............#######...........| -------- --------------- ------------ vexana the Cutpurse Experience level: 5 Strength: 17 Dexterity: 18 Constitution: 13 Intelligence: 9 Wisdom: 12 Charisma: 8 Health: 0(32) Energy: 14(14) Def: 7 Gold: 730 Moves: 2635 Dungeon seed: 9iQRKjahghDiFe_g Game ID: vexana_1533550487 Your Inventory: Coins $ - 730 gold pieces Weapons a - an uncursed +0 dagger named Sharptooth (weapon in hand) b - 13 uncursed +0 daggers (in quiver) Armor e - an uncursed +1 leather armor (being worn) n - an uncursed +0 orcish helm (being worn) q - an uncursed +0 cloak of protection (being worn) Comestibles g - an uncursed lichen corpse h - 2 uncursed oranges p - 2 uncursed eggs D - an uncursed apple M - an uncursed cherry Q - an uncursed pear Wands j - an uncursed wand of sleep (0:7) Tools k - an uncursed lock pick B - an uncursed sack Contents of the sack: an uncursed scroll of blank paper an uncursed scroll of create monster 2 uncursed scrolls of identify a cursed scroll of teleportation an uncursed potion of confusion a cursed potion of confusion 2 uncursed potions of healing a blessed potion of oil an uncursed potion of oil an uncursed potion of sickness a cursed potion of sickness a cursed ring of hunger an uncursed ring of searching Spells and supernatural/magical abilities: Name Level Category Fail Memory W - pray for help -- divine ? -- Your skills at the end: Fighting Skills Weapon Skills dagger [Skilled] short sword [Basic] Spellcasting Skills Final Attributes: You were piously aligned. You were stealthy. You were protected. You are dead. Vanquished creatures: 2 leprechauns a rope golem a yellow light 2 violet fungi 3 giant ants a homunculus a kobold lord 3 rothes an orc zombie an iguana 3 coyotes a gas spore a hobbit 10 manes 2 hobgoblins a yellow mold 3 geckos 5 jackals a fox 3 kobolds 2 goblins a grid bug 7 lichens a kobold zombie 4 newts 61 creatures vanquished. Voluntary challenges: You used a wielded weapon 77 times, starting on turn 1. You read items or engraved 42 times, starting on turn 1181. You never genocided any monsters. You never polymorphed an object. You never changed form. You used no wishes. You never split a pudding. You wrote Elbereth's name 39 times, starting on turn 1182. You never violated your personal moral code. Dungeon overview: The Dungeons of Doom: levels 1 to 8 Level 1 an altar to Kos, a fountain a long staircase Level 2 an altar to Kos, some fountains stairs to The Gnomish Mines Level 3 a fountain Level 4 a general store, a fountain, a sink Level 5 (stash) a general store Level 6 (GOLD) a scroll shop, a fountain Level 7 <- You were here a general store, some fountains, a sink Level 8 The Gnomish Mines: Level 3 stairs to The Dungeons of Doom History has recorded: On T:1 you entered the Dungeons of Doom to retrieve the Amulet of Yendor! On T:298 you reached level 2 of The Dungeons of Doom. On T:327 you advanced to experience level 2. On T:364 you reached level 1 of The Gnomish Mines. On T:394 you reached level 3 of The Dungeons of Doom. On T:771 you reached level 4 of The Dungeons of Doom. On T:868 you advanced to experience level 3. On T:1024 you reached level 5 of The Dungeons of Doom. On T:1200 you advanced to experience level 4. On T:1272 you reached level 6 of The Dungeons of Doom. On T:1471 you advanced to experience level 5. On T:1788 you reached level 7 of The Dungeons of Doom. On T:2262 you reached level 8 of The Dungeons of Doom. Score breakdown: Gold: 730 ( 9742 points) Experience: 5 levels (11141 points) Exploration: 8 levels ( 17.78%) (11965 points) Discoveries: 3 items ( 1.01%) ( 3010 points) Valuables value: (no points given unless you survive) Artifact value: 0 ( 0 points) Variety of kills: 25 monsters ( 6.56%) ( 7684 points) Turncount: 2635 turns ( -408 points) Survival: died (score multiplied by 80%) Total score: 34507 Latest messages: You see here a runed bow. The door resists! The door opens. KABOOM!! The door was booby-trapped! You stagger... You feel a bit steadier now. You stop searching. You try to move the boulder, but in vain. Something is written here in the dust. You read: "l|e?e E???reth". Where do you want to travel to? You stop travelling. You hit the gold golem. The gold golem hits! The gold golem misses. You hit the gold golem! The gold golem hits! (2x) You hit the gold golem. You write in the dust with your fingers. The gold golem hits! (2x) You die... Final status: Goodbye vexana the Rogue, killed by a gold golem... You died in The Dungeons of Doom on dungeon level 7 with 34507 points, and 730 pieces of gold, after 2635 moves. You were level 5 with a maximum of 32 hit points when you died.